Map: [ESL] Hard Lead

Players

GuMiho

  • Race: Terran Terran
  • Spawn Location: 11:00

Clem - Winner!

  • Race: Terran Terran
  • Spawn Location: 5:00

Event: ESL SC2 Masters 2023 Winter (Finals)

VOD

Have the link to the VOD?

Description

Time

  • Played on: Dec. 15, 2023, 11:41 a.m.
  • Length: 6:32

All games in this series

Show
View Real Time Build Order
Export as new Build Order

GuMiho Terran 

Build Orders: Cyclone Opening 

Get SALT Encoding   

  12  0:00  SCV  
  13  0:12  SCV  
  14  0:17  Supply Depot  
  14  0:24  SCV  
  15  0:39  Barracks, SCV  
  16  0:44  Refinery  
  16  0:51  SCV  
  16  0:52  Refinery  
  17  1:03  SCV  
  18  1:15  SCV  
  19  1:26  Barracks Reactor  
  19  1:27  Orbital Command  
  19  1:31  Supply Depot  
  19  1:40  Factory  
  19  1:53  SCV  
  20  2:02  Reaper  
  20  2:03  Reaper  
  20  2:05  SCV  
  23  2:17  SCV  
  24  2:24  Command Center  
  24  2:29  SCV  
  24  2:39  Cyclone  
  24  2:41  Cyclone  
  24  2:42  SCV  
  29  2:48  Supply Depot  
  29  2:54  SCV  
  30  3:00  Starport  
  30  3:07  SCV  
  30  3:12  Cyclone  
  33  3:20  Cyclone  
  33  3:21  SCV  
  33  3:24  Reaper  
  37  3:33  SCV  
  38  3:37  Orbital Command  
  38  3:38  Starport Tech Lab  
  38  3:43  Refinery  
  38  3:45  SCV  
  39  3:52  Cyclone  
  39  3:53  Cyclone  
  43  3:57  SCV  
  43  4:02  Medivac  
  46  4:03  SCV  
  46  4:09  Supply Depot, SCV  
  46  4:19  SCV  
  46  4:21  SCV  
  47  4:26  Cyclone x2  
  47  4:31  SCV  
  50  4:32  Medivac  
  50  4:33  SCV  
  50  4:38  Supply Depot  
  53  4:43  SCV  
  55  4:45  SCV  
  55  4:55  SCV  
  55  4:57  SCV  
  55  4:58  Cyclone x2  
  61  5:04  Raven  
  63  5:07  SCV  
  63  5:09  SCV, Supply Depot x2  
  65  5:16  Barracks Tech Lab  
  65  5:19  SCV  
  66  5:22  SCV  
  65  5:30  Cyclone  
  65  5:31  Cyclone  
  29  6:00  SCV x2  
  25  6:12  SCV  
Show
View Real Time Build Order
Export as new Build Order

Clem Terran - Winner!

Build Orders: Cyclone Opening 

Get SALT Encoding   

  12  0:00  SCV  
  13  0:12  SCV  
  14  0:16  Supply Depot  
  14  0:24  SCV  
  15  0:38  SCV  
  15  0:40  Barracks  
  15  0:42  Refinery  
  16  0:50  SCV  
  16  0:52  Refinery  
  17  1:02  SCV  
  18  1:14  SCV  
  19  1:26  Orbital Command, Reaper  
  19  1:31  Supply Depot  
  20  1:42  Factory  
  20  1:52  SCV  
  21  1:59  Reaper  
  22  2:04  SCV  
  23  2:16  Command Center  
  23  2:21  SCV  
  24  2:27  Cyclone  
  26  2:31  Barracks Reactor  
  26  2:34  SCV  
  27  2:37  Supply Depot  
  27  2:46  SCV  
  27  2:48  Starport  
  28  2:58  SCV  
  29  3:10  SCV  
  29  3:11  Cyclone x2  
  34  3:22  Barracks Tech Lab  
  34  3:23  SCV  
  34  3:24  Refinery  
  35  3:28  Medivac  
  35  3:31  Orbital Command  
  37  3:35  SCV  
  38  3:43  Cyclone  
  38  3:46  Cyclone  
  43  3:48  SCV  
  43  3:53  Supply Depot  
  43  3:58  SCV  
  43  4:00  SCV  
  43  4:10  SCV  
  43  4:12  Raven, SCV  
  45  4:18  Cyclone  
  45  4:21  Cyclone  
  45  4:22  SCV  
  48  4:24  SCV  
  48  4:29  Interference Matrix  
  50  4:31  Supply Depot  
  50  4:34  SCV  
  50  4:37  SCV  
  51  4:46  Raven  
  51  4:47  SCV  
  51  4:49  SCV  
  51  4:51  Command Center  
  55  4:54  Cyclone  
  55  4:59  Supply Depot  
  57  5:00  SCV  
  57  5:02  SCV  
  57  5:05  Cyclone  
  61  5:07  Barracks Tech Lab  
  61  5:13  SCV  
  61  5:14  SCV  
  63  5:16  Barracks  
  63  5:19  Barracks  
  63  5:25  Raven, SCV  
  63  5:26  SCV  
  67  5:34  Cyclone, Marine  
  67  5:37  SCV  
  67  5:38  Cyclone  
  67  5:39  SCV  
  49  5:52  Marine  
  43  6:03  SCV x2  
  37  6:15  SCV  
Tags
 
Add a new tag
Caveats
  • Supply blocks, unpowered buildings, or Contaminate may cause inaccurate times.
  • Supply counts are checked every 10 seconds.